 Dungeon Crawl Stone Soup version 0.29-a0-323-g050149af67 (webtiles) character file.

Game seed: 12278815437830319076

525 Jortsu the Chopper (level 7, -2/48 HPs)
             Began as an Octopode Fighter on Apr 10, 2022.
             Was an Initiate of Ashenzari.
             Slain by a phantom (8 damage)
             ... on level 5 of the Dungeon.
             The game lasted 00:09:19 (4861 turns).

Jortsu the Chopper (Octopode Fighter)               Turns: 4861, Time: 00:09:19

Health: -2/48      AC:  1    Str: 21    XL:     7   Next: 22%
Magic:  7/7        EV: 14    Int: 16    God:    Ashenzari [......]
Gold:   205        SH:  6    Dex: 14    Spells: 6/6 levels left

rFire   . . .      SeeInvis .   n - +8 mace of Ilit Joz {vorpal, rPois Str+3 Dex-3 Stlth+}
rCold   . . .      Faith    .   b - +1 buckler
rNeg    . . .      Spirit   .   (helmet restricted)
rPois   +          Reflect  .   (no amulet)
rElec   .          Harm     .   k - +6 ring of dexterity
rCorr   .          Rampage  .   o - +6 ring of intelligence
Will    .....                   (no ring)
Stlth   +++++.....              (no ring)
HPRegen 0.16/turn               (no ring)
MPRegen 0.10/turn               (no ring)
                                (no ring)
                                (no ring)

@: no status effects
A: almost no armour, amphibious, 8 rings, camouflage 1, gelatinous body 1,
(nimble swimmer 1), tentacles
a: Renounce Religion, Curse Item


You were on level 5 of the Dungeon.
You worshipped Ashenzari.
Ashenzari was noncommittal.
You visited 1 branch of the dungeon, and saw 5 of its levels.

You collected 205 gold pieces.

Inventory:

Hand Weapons
 a - a +1 war axe
 n - the +8 mace of Ilit Joz (weapon) {vorpal, rPois Str+3 Dex-3 Stlth+}
   (You found it on level 4 of the Dungeon)

   It inflicts extra damage upon your enemies.
   Str:       It affects your strength (+3).
   Dex:       It affects your dexterity (-3).
   rPois:     It protects you from poison.
   Stlth:     It makes you more stealthy.
Missiles
 h - a throwing net (quivered)
Armour
 b - a +1 buckler (worn)
Jewellery
 k - a +6 ring of dexterity (left tentacle)
 o - a +6 ring of intelligence (right tentacle)
Scrolls
 g - 3 scrolls of blinking
 j - 2 scrolls of holy word
 m - a scroll of teleportation
Potions
 c - a potion of might
 e - 3 potions of heal wounds
 f - 4 potions of curing
 i - a potion of brilliance
 l - a potion of mutation
 q - a potion of resistance {unknown}


   Skills:
 + Level 4.3 Fighting
 + Level 4.7 Axes
 + Level 1.0(3.1) Maces & Flails
 + Level 4.0 Dodging
 + Level 4.6 Stealth
 + Level 3.6 Shields


You had 6 spell levels left.
You didn't know any spells.
Your spell library contained the following spells:

 Spells                   Type           Power      Damage    Failure   Level
 Static Discharge         Conj/Air       0%         N/A       45%         2
 Animate Dead             Necr           0%         N/A       97%         4
 Hailstorm                Conj/Ice       0%         3d3       97%         4
 Ice Form                 Ice/Tmut       0%         N/A       97%         4
 Lightning Bolt           Conj/Air       0%         1d11      100%        5
 Simulacrum               Ice/Necr       0%         N/A       100%        6
 Haunt                    Necr/Summ      0%         N/A       100%        7
 Malign Gateway           Summ/Tloc      0%         N/A       100%        7
 Infestation              Necr           0%         N/A       100%        8
 Maxwell's Capacitive Co  Air            0%         ∞         100%        8
 Summon Horrible Things   Summ           0%         N/A       100%        8


Dungeon Overview and Level Annotations

Branches:
Dungeon (5/15)
 Temple: D:4-7

Altars:
Ashenzari
Qazlal
Xom

Shops:
D:2 (   D:3 !

Annotations:
D:5 Sigmund


Innate Abilities, Weirdness & Mutations

You cannot wear most types of armour.
You are amphibious.
You can wear up to eight rings at the same time.
Your skin changes colour to match your surroundings (Stealth+).
Your rubbery body absorbs attacks. (AC +1, EV +1)
((You are camouflaged when in or above water. (Stealth+)))
You have tentacles for arms and can constrict up to eight enemies at once.


Message History

An orc comes into view. It is wielding a +0 trident of venom.
Sigmund and a phantom come into view.
Found a scroll of teleportation.
Sigmund shouts!
The orc shouts!
You hear an angry hiss.
Sigmund gestures at you while chanting. The magic dart hits you.
Sigmund breathes a few words.
Sigmund's hands start flickering wildly.
Found a scroll of identify.
You block the orc's attack.
Sigmund screams, "Don't try to resist!"
Sigmund casts a spell.
Sigmund flickers and vanishes!
Deactivating autopickup; reactivate with Ctrl-A.
The orc hits you with a +0 trident of venom.
You thump the orc!
You kill the orc!
You block something's attack.
Things that are here:
a +0 trident of venom; a +0 leather armour You barely miss the phantom.
Something barely misses you. The phantom hits you!
The phantom blinks!
You blink.
You closely miss the phantom. The phantom hits you.
You miss the phantom. Your squeeze misses the phantom.
The phantom closely misses you. You block the phantom's attack.
You hit the phantom.
The phantom is lightly damaged.
Something barely misses you. The phantom closely misses you.
You sock the phantom!
The phantom is heavily damaged.
The phantom barely misses you. Something hits you!
You miss the phantom.
The phantom is heavily damaged.
The phantom hits you. Something hits you!
* * * LOW HITPOINT WARNING * * *
The phantom hits you.
* * * LOW HITPOINT WARNING * * *
The phantom blinks!
You blink.
You miss something. The phantom hits you!
You die...

##########......#.#...#.
##### #...#...#.....#
?.....####....#..#.....#
.........).#...###....
#####.####..#..#..#.. ..
#...###...#.# ##
#..#...#...#
#.#..{.§#..# #....@...#
#.#.W..$#..#
#..#...#...#
#...###...#.# #..#
..#...# ..# ##?....# .#.
.....# # ..


You could see a phantom.

Vanquished Creatures
  A scorpion (D:4)
  2 orc priests (D:2)
  Crazy Yiuf (D:4)
  2 hounds (D:4)
  An iguana (D:4)
  An orc wizard (D:3)
  7 gnolls
  10 adders
  An ufetubus (D:4)
  A worm (D:3)
  2 dart slugs
  11 orcs
  8 endoplasms
  6 giant cockroaches
  6 goblins
  7 hobgoblins
  3 jackals (D:1)
  7 kobolds
  4 quokkas
  2 ball pythons
  7 bats
  4 frilled lizards
  7 rats
101 creatures vanquished.

Notes
Turn   | Place    | Note
-------+----------+-------------------------------------------
     0 | D:1      | Jortsu the Octopode Fighter began the quest for the Orb.
     0 | D:1      | Reached XP level 1. HP: 16/16 MP: 1/1
   183 | D:1      | Reached XP level 2. HP: 21/21 MP: 2/2
   325 | D:1      | You fall into a shaft and drop 1 floor!
   346 | D:2      | Found a stormy altar of Qazlal.
   639 | D:1      | Reached XP level 3. HP: 26/26 MP: 3/3
   658 | D:1      | Reached skill level 1 in Stealth
  1098 | D:2      | Found Cuowkirgh's Weapon Emporium.
  1354 | D:2      | Found a faded altar of an unknown god.
  1383 | D:2      | Prayed at the altar of an unknown god.
  1383 | D:2      | Became a worshipper of Ashenzari the Shackled
  1467 | D:2      | Reached XP level 4. HP: 11/33 MP: 4/4
  2002 | D:1      | Reached XP level 5. HP: 15/37 MP: 5/5
  3434 | D:3      | Reached XP level 6. HP: 39/43 MP: 6/6
  3627 | D:3      | Found Yryquybops's Distillery.
  3902 | D:4      | Found a runed translucent door.
  3903 | D:4      | Noticed Crazy Yiuf
  3910 | D:4      | Killed Crazy Yiuf
  3913 | D:4      | Identified the +8 mace of Ilit Joz {vorpal, rPois Str+3
                  | Dex-3 Stlth+}
  4469 | D:4      | Reached XP level 7. HP: 48/48 MP: 7/7
  4482 | D:4      | Found a shimmering altar of Xom.
  4660 | D:4      | Reached skill level 1 in Maces & Flails
  4822 | D:5      | Entered Level 5 of the Dungeon
  4840 | D:5      | Noticed Sigmund
  4861 | D:5      | Slain by a phantom

Illustrated notes

Levels and vault maps discovered:
D:1:      dpeg_arrival_snail, layout_loops_ring
D:2:      layout_rooms, basic_altar, serial_shops, shop,
          ebering_ecumenical_altar_webs
D:3:      layout_rooms, serial_shops, shop, minmay_checkerbox
D:4:      layout_loops_cross, xom_confusion_cloud, dreamdust_princess_bridge,
          kennysheep_generic_room_11, uniq_crazy_yiuf_cottage
D:5:      layout_basic, nicolae_tso_carved_into_rock, vehumet_altar_wand_db,
          ebering_ghost_rock_garden, minmay_splitting_lines,
          grunt_decor_one_mirror, chequers_serial_rivers_micro_a, uniq_sigmund

Skill      XL: |  1  2  3  4  5  6  7 |
---------------+----------------------+-----
Stealth        | 2 3 4 |  4.6
Fighting       | 4 |  4.3
Axes           | 3 4 |  4.7
Dodging        | 4 |  4.0
Maces & Flails | 1 |  1.0
Shields        | |  3.6

Action                   |  1- 3 |  4- 6 |  7- 9 || total
-------------------------+-------+-------+-------++-------
Melee: War axe           |    53 |    95 |       ||   148
       Constrict         |    14 |    28 |     2 ||    44
       Tentacles         |     9 |    22 |     2 ||    33
       Punch             |     2 |     3 |       ||     5
       Mace              |       |    16 |    22 ||    38
  Use: Scroll            |     7 |     3 |     4 ||    14
 Stab: Sleeping          |     9 |    12 |       ||    21
       Invisible         |       |     1 |       ||     1
Armor: Skin              |     3 |     5 |       ||     8
Dodge: Dodged            |    30 |    62 |    13 ||   105
Block: Buckler           |     7 |    32 |     7 ||    46

Table legend: (Time is in decaauts)
 A = Elapsed time spent in this place.
 B = Non-inter-level travel time spent in this place.
 C = Inter-level travel time spent in this place.
 D = Time resting spent in this place.
 E = Time spent auto-exploring this place.
 F = Levels seen in this place.
 G = Mean time per level.
                   A        B        C        D        E       F      G
               +--------+--------+--------+--------+--------+-----+--------+
         Total |   4935 |   4866 |     69 |   1602 |   2134 |   5 |  987.0 |
       Dungeon |   4935 |   4866 |     69 |   1602 |   2134 |   5 |  987.0 |
               +--------+--------+--------+--------+--------+-----+--------+

Top non-repeatable levels by time:
     D:2: 1634 daAuts
     D:1: 1502 daAuts
     D:4: 967 daAuts
     D:3: 790 daAuts
     D:5: 41 daAuts
